Map: Blackpink LE

Players

Odin - Winner!

  • Race: Protoss Protoss
  • Spawn Location: 7:00

LetMeHandle

  • Race: Terran Terran
  • Spawn Location: 1:00

VOD

Have the link to the VOD?

Description

Time

  • Played on: Feb. 3, 2018, 3:29 a.m.
  • Length: 22:48
Show
View Real Time Build Order
Export as new Build Order

Odin Protoss - Winner!

Build Orders:  

Get SALT Encoding   

  12  0:05  Probe  
  13  0:15  Pylon  
  13  0:35  Probe, Gateway  
  14  0:39  Assimilator  
  14  0:54  Probe  
  15  1:00  Assimilator  
  15  1:06  Probe  
  16  1:18  Probe  
  17  1:22  Cybernetics Core  
  17  1:26  Pylon  
  17  1:30  Probe  
  18  1:42  Probe  
  19  1:54  Probe  
  19  1:59  Stargate  
  20  2:06  Probe  
  21  2:18  Probe  
  21  2:20  Pylon  
  22  2:26  Stalker  
  24  2:30  Probe  
  25  2:39  Void Ray (Chrono Boost)  
  25  2:42  Probe  
  30  2:55  Probe  
  31  3:07  Probe  
  31  3:10  Fleet Beacon  
  32  3:26  Probe  
  33  3:29  Void Ray  
  37  3:40  Shield Battery x2  
  37  3:45  Probe  
  38  4:04  Probe  
  39  4:13  Forge  
  39  4:34  Pylon  
  39  4:36  Pylon  
  39  4:57  Stalker  
  41  5:00  Oracle  
  44  5:16  Nexus  
  44  5:20  Assimilator  
  44  5:22  Assimilator  
  44  5:24  Mothership (Chrono Boost)  
  52  5:40  Pylon  
  52  6:19  Stargate  
  52  6:37  Probe  
  53  6:49  Probe  
  54  6:56  Tempest  
  60  7:01  Probe  
  60  7:02  Protoss Air Weapons Level 1  
  61  7:13  Probe  
  61  7:14  Cybernetics Core  
  62  7:23  Pylon  
  62  7:25  Probe, Pylon  
  62  7:27  Pylon  
  62  7:29  Pylon  
  63  7:31  Pylon  
  63  7:37  Probe  
  63  7:41  Tempest  
  76  7:48  Oracle  
  76  7:50  Probe  
  74  8:00  Shield Battery  
  74  8:02  Probe, Shield Battery  
  74  8:04  Shield Battery x2  
  75  8:07  Shield Battery  
  75  8:15  Probe  
  76  8:27  Probe  
  77  8:39  Probe  
  78  8:51  Probe  
  79  9:24  Probe  
  79  9:26  Carrier x2  
  79  9:29  Protoss Air Armor Level 1  
  79  9:31  Graviton Catapult  
  92  9:35  Cybernetics Core  
  92  9:36  Probe, Fleet Beacon  
  93  9:40  Twilight Council  
  93  9:48  Probe  
  94  10:00  Probe  
  95  10:07  Robotics Facility  
  95  10:16  Photon Cannon, Nexus  
  95  10:19  Probe, Photon Cannon  
  95  10:20  Assimilator, Photon Cannon  
  96  10:24  Assimilator  
  96  10:27  Pylon  
  96  10:39  Forge  
  96  10:58  Probe  
  96  11:01  Phoenix  
  96  11:02  Phoenix  
  101  11:11  Pylon  
  101  11:12  Pylon  
  101  11:34  Probe  
  102  11:45  Carrier x2  
  102  11:46  Probe  
  115  11:58  Probe  
  116  12:05  Observer  
  117  12:10  Probe  
  118  12:16  Robotics Bay  
  118  12:18  Photon Cannon  
  118  12:22  Probe, Photon Cannon  
  119  12:27  Photon Cannon  
  119  12:30  Photon Cannon  
  119  12:35  Probe  
  120  12:47  Probe  
  121  12:59  Probe  
  122  13:11  Probe, Tempest x2  
  132  13:23  Probe  
  132  13:26  Protoss Shields Level 1  
  133  13:29  Protoss Air Weapons Level 2, Protoss Air Armor Level 2  
  133  13:31  Anion Pulse-Crystals  
  132  13:43  Probe  
  132  13:54  Oracle, Carrier  
  141  14:04  Shield Battery  
  141  14:08  Shield Battery  
  141  14:09  Shield Battery  
  141  14:11  Shield Battery  
  141  14:26  Pylon  
  141  14:31  Observer, Carrier  
  148  14:41  Observer Gravitic Boosters  
  147  15:08  Nexus  
  145  15:33  Assimilator  
  145  15:34  Assimilator  
  145  15:51  Phoenix  
  145  15:56  Phoenix  
  149  16:08  Protoss Air Weapons Level 3  
  149  16:10  Protoss Shields Level 2  
  149  16:11  Protoss Air Armor Level 3  
  149  16:25  Shield Battery  
  149  16:26  Shield Battery  
  149  16:28  Shield Battery  
  149  16:29  Shield Battery  
  149  16:30  Probe  
  149  16:32  Shield Battery  
  150  16:33  Shield Battery  
  150  16:34  Pylon  
  150  16:35  Shield Battery  
  150  16:36  Pylon, Shield Battery  
  150  16:42  Probe, Tempest x2  
  163  16:54  Probe  
  164  17:06  Probe  
  165  17:18  Probe  
  166  17:57  Phoenix x2  
  162  19:52  Pylon x3  
  162  19:54  Pylon x2  
  162  19:55  Stargate  
  162  19:56  Pylon, Stargate  
  162  20:10  Carrier  
  162  20:11  Carrier  
  174  20:20  Pylon  
  174  20:22  Pylon  
  174  20:26  Pylon  
  174  20:34  Pylon x2  
  174  20:36  Pylon  
  174  20:39  Pylon  
  174  20:47  Probe  
  175  20:59  Probe  
  175  21:01  Pylon  
  176  21:28  Pylon  
  188  21:50  Shield Battery  
  188  21:51  Shield Battery  
  188  21:53  Shield Battery  
  188  21:54  Shield Battery  
  188  21:56  Shield Battery  
  188  21:57  Shield Battery  
Show
View Real Time Build Order
Export as new Build Order

LetMeHandle Terran 

Build Orders: Bio Mine 

Get SALT Encoding   

  12  0:01  SCV  
  13  0:13  SCV  
  14  0:18  Supply Depot  
  14  0:26  SCV  
  15  0:39  SCV  
  15  0:41  Barracks  
  16  0:46  Refinery  
  16  0:51  SCV  
  17  1:06  SCV  
  18  1:18  SCV  
  19  1:28  Supply Depot  
  19  1:30  Reaper  
  19  1:31  Orbital Command  
  20  1:37  Refinery  
  20  1:59  SCV  
  21  2:06  Factory  
  21  2:11  SCV  
  22  2:17  Command Center  
  22  2:27  SCV  
  23  2:40  SCV  
  24  2:46  Marine  
  25  2:52  Factory Reactor, SCV  
  26  3:01  Starport  
  26  3:04  Marine, SCV  
  28  3:16  SCV  
  29  3:22  Marine, Supply Depot  
  30  3:43  Barracks Tech Lab, Starport Reactor  
  30  3:45  SCV  
  30  3:46  Supply Depot  
  31  3:48  Cyclone  
  31  3:49  Cyclone  
  37  3:57  SCV  
  38  4:03  Marauder  
  38  4:08  Refinery, Liberator  
  40  4:12  Barracks  
  40  4:24  Marauder  
  40  4:26  Starport  
  45  4:45  Marine  
  46  5:03  Marine, Orbital Command  
  47  5:14  Starport Tech Lab  
  47  5:16  Viking x2  
  47  5:18  Widow Mine x2  
  47  5:21  Marine  
  56  5:22  Barracks Reactor  
  56  5:35  Refinery  
  56  5:39  Marine  
  57  5:56  Marine  
  58  5:59  Widow Mine x2  
  62  6:08  Supply Depot  
  62  6:13  Stimpack  
  62  6:29  Marine  
  62  6:31  Supply Depot  
  63  6:39  Medivac x2  
  67  6:42  Marine x2  
  69  7:00  Marine x2  
  71  7:04  Factory  
  71  7:17  Marine  
  71  7:18  Marine  
  73  7:32  Viking x2  
  73  7:35  Marine x2, Widow Mine  
  73  7:36  Widow Mine  
  83  7:44  Armory  
  83  7:53  Marine, Marauder  
  83  7:57  Supply Depot  
  86  8:10  Viking x2, Widow Mine x2  
  94  8:14  Combat Shields  
  94  8:18  Marine x2  
  94  8:19  Marauder  
  98  8:21  Supply Depot  
  98  8:31  Widow Mine x2  
  98  8:32  Factory Tech Lab  
  102  8:42  Marine x2  
  102  8:43  Supply Depot  
  102  8:53  Widow Mine x2  
  102  9:00  Marine  
  103  9:03  SCV  
  104  9:20  Rapid Fire Launchers  
  104  9:22  Cyclone  
  104  9:23  Cyclone  
  110  9:25  Marine  
  110  9:26  Marine  
  112  9:34  Supply Depot  
  112  9:43  Marine x2  
  114  9:55  Cyclone x2  
  120  10:01  Marine  
  121  10:27  Cyclone  
  124  10:38  Drilling Claws  
  124  10:39  Cyclone  
  127  10:59  Cyclone  
  127  11:01  Widow Mine  
  132  11:11  Cyclone  
  135  11:22  Widow Mine  
  137  11:43  Widow Mine  
  141  11:51  Viking x2  
  143  11:56  Supply Depot  
  142  12:18  Supply Depot  
  142  12:21  Viking x2  
  146  12:33  Raven  
  148  12:43  Supply Depot  
  148  12:46  Widow Mine  
  148  12:51  Viking x2, Cyclone  
  157  13:00  Cyclone  
  160  13:07  Widow Mine  
  162  13:16  Raven  
  164  13:21  Viking x2  
  168  13:29  Widow Mine  
  170  13:50  Widow Mine  
  171  13:59  Raven  
  173  14:42  Widow Mine  
  167  16:03  Armory  
  167  16:07  Armory, Supply Depot  
  167  16:21  Cyclone x2  
  173  16:53  Cyclone x2  
  179  16:55  Terran Ship Weapons Level 1, Terran Vehicle Weapons Level 1  
  179  16:56  Terran Vehicle And Ship Armor Level 1  
  179  17:13  Widow Mine  
  181  17:25  Cyclone  
  181  17:26  Cyclone  
  187  17:34  Widow Mine  
  116  19:39  Terran Vehicle Weapons Level 2  
  116  19:40  Terran Ship Weapons Level 2, Terran Vehicle And Ship Armor Level 2  
  106  19:55  Supply Depot  
  106  20:18  Supply Depot  
  106  20:20  Cyclone  
  109  20:39  Cyclone, Widow Mine  
  109  20:42  Supply Depot  
  114  21:00  Widow Mine  
  116  21:04  Supply Depot  
  116  21:05  Marine x2  
  116  21:08  Marine  
  119  21:22  Marine, Widow Mine  
  119  21:23  Marine  
  123  21:26  Marine  
  124  21:40  Marine  
  124  21:41  Marine  
  124  21:43  Widow Mine  
  124  21:44  Marine  
  129  21:58  Marine x2  
  131  22:01  Marine  
  105  22:16  Marine x2  
  105  22:19  Marine  
Tags
 
Composition
Bio Mine
Matchup
PvT
Spawn Locations
Cross Positions
Add a new tag
Caveats
  • Supply blocks, unpowered buildings, or Contaminate may cause inaccurate times.
  • Supply counts are checked every 10 seconds.